 Dungeon Crawl Stone Soup version 0.30-a0-622-gddc90eaa04 (webtiles) character file.

Game seed: 15058914627395008076

29 themarg the Trooper (level 3, -2/35 HPs)
             Began as a Gnoll Wanderer on Jan 11, 2023.
             Slain by an orc
             ... wielding a +0 short sword
              (4 damage)
             ... on level 3 of the Dungeon.
             The game lasted 00:03:19 (1857 turns).

themarg the Trooper (Gnoll Wanderer)                Turns: 1857, Time: 00:03:19

Health: -2/35      AC:  3    Str: 12    XL:     3   Next: 16%
Magic:  4/7        EV: 11    Int:  8    God:
Gold:   98         SH:  0    Dex: 15    Spells: 6/7 levels left

rFire   . . .      SeeInvis .    a - +0 dagger
rCold   . . .      Faith    .    (no shield)
rNeg    + . .      Spirit   .    e - +0 leather armour
rPois   .          Reflect  .    (no helmet)
rElec   .          Harm     .    (no cloak)
rCorr   .          Rampage  .    (no gloves)
Will    .....                    (no boots)
Stlth   +                        (no amulet)
HPRegen 0.25/turn                o - ring of positive energy
MPRegen 0.10/turn                (no ring)

@: no status effects
A: fangs 1, strong nose, distributed training
a: no special abilities


You were on level 3 of the Dungeon.
You visited 1 branch of the dungeon, and saw 3 of its levels.

You collected 98 gold pieces.

Inventory:

Hand Weapons
 a - a +0 dagger (weapon)
Missiles
 b - 8 poisoned darts (quivered)
 g - 29 stones
 r - 6 atropa-tipped darts
Armour
 e - a +0 leather armour (worn)
Jewellery
 o - a ring of positive energy (left hand)
Scrolls
 d - a scroll of fear
 f - a scroll of acquirement {unknown}
 i - a scroll of amnesia {unknown}
 j - 2 scrolls of poison {unknown}
 k - a scroll of brand weapon {unknown}
 l - a scroll of blinking {unknown}
 m - 5 scrolls of identify {unknown}
 p - a scroll of teleportation {unknown}
Potions
 c - a potion of curing
 n - a potion of experience {unknown}
 q - a potion of flight {unknown}
 s - a potion of cancellation {unknown}
 t - a potion of might {unknown}


   Skills:
 + Level 6.5 Fighting
 + Level 0.7 Short Blades
 + Level 0.7 Long Blades
 + Level 0.7 Axes
 + Level 0.7 Maces & Flails
 + Level 0.7 Polearms
 + Level 0.7 Staves
 + Level 0.7 Ranged Weapons
 + Level 4.5 Throwing
 + Level 0.7 Armour
 + Level 0.7 Dodging
 + Level 0.7 Stealth
 + Level 0.7 Shields
 + Level 0.7 Unarmed Combat
 + Level 2.8 Spellcasting
 + Level 3.7 Conjurations
 + Level 0.5 Hexes
 + Level 0.5 Summonings
 + Level 0.5 Necromancy
 + Level 0.5 Translocations
 + Level 0.5 Transmutations
 + Level 0.5 Fire Magic
 + Level 0.5 Ice Magic
 + Level 0.5 Air Magic
 + Level 0.5 Earth Magic
 + Level 0.5 Poison Magic
 + Level 4.5 Invocations
 + Level 0.7 Evocations


You had 6 spell levels left.
You knew the following spells:

 Your Spells              Type           Power      Damage    Failure   Level
a - Foxfire               Conj/Fire      16%        2x1d4     17%         1

Your spell library contained the following spells:

 Spells                   Type           Power      Damage    Failure   Level
 Beastly Appendage        Tmut           2%         N/A       34%         1
 Cigotuvi's Dreadful Rot  Necr/Pois/Air  2%         N/A       45%         2
 Poisonous Vapours        Pois/Air       2%         N/A       45%         2
 Wereblood                Tmut           1%         N/A       45%         2
 Dazzling Flash           Conj/Hex       8%         N/A       45%         3
 Mephitic Cloud           Conj/Pois/Air  3%         N/A       54%         3
 Portal Projectile        Hex/Tloc       2%         N/A       71%         3
 Spider Form              Tmut/Pois      1%         N/A       71%         3
 Tukima's Dance           Hex            1%         N/A       71%         3
 Fulminant Prism          Conj/Hex       2%         3d5       86%         4
 Blade Hands              Tmut           0%         N/A       100%        5


Dungeon Overview and Level Annotations

Branches:
Dungeon (3/15)

Altars:


Innate Abilities, Weirdness & Mutations

You have very sharp teeth.
Your uncanny sense of smell can sniff out nearby items.
Your experience applies equally to all skills.


Message History

The orc misses you. The orc hits you with a +0 short sword.
You barely miss the orc.
The orc is almost dead.
You barely miss the orc.
The orc is almost dead.
The orc hits you but does no damage. The orc misses you.
You barely miss the orc.
The orc is almost dead.
The orc closely misses you. The orc hits you with a +0 short sword.
You hit the orc but do no damage.
The orc is almost dead.
The orc misses you. The orc closely misses you.
You hit the orc but do no damage.
The orc is almost dead.
The orc barely misses you. The orc completely misses you.
You barely miss the orc.
The orc is almost dead.
The orc hits you with a +0 club.
* * * LOW HITPOINT WARNING * * *
The orc hits you with a +0 short sword.
* * * LOW HITPOINT WARNING * * *
You hit the orc but do no damage.
The orc is almost dead.
The orc barely misses you. The orc hits you with a +0 short sword.
* * * LOW HITPOINT WARNING * * *
You hit the orc.
You kill the orc!
The orc hits you but does no damage. The orc hits you with a +0 short sword.
* * * LOW HITPOINT WARNING * * *
Things that are here:
a +0 club; a +0 chain mail You conjure some foxfire!
The orc hits you with a +0 short sword.
* * * LOW HITPOINT WARNING * * *
Your foxfire dissipates!
The orc attacks as you move away! The orc closely misses you.
The foxfire hits the orc.
The orc is moderately wounded.
You conjure some foxfire!
The orc hits you with a +0 short sword.
You die...

#.##.#
#.##.#
#.##.#
#.##.#
#.# #.#
#.# #v#
#@#
#####o#
#.).B.#
#.#####
#.# #B#
#o# #.#
#.#


You could see an orc (ally target) and a giant cockroach.

Vanquished Creatures
  A dart slug (D:1)
  3 orcs (D:3)
  2 ball pythons (D:1)
  An endoplasm (D:2)
  A giant cockroach (D:1)
  3 goblins (D:1)
  2 hobgoblins (D:1)
  4 kobolds
  A quokka (D:2)
  A bat (D:1)
  2 rats (D:1)
21 creatures vanquished.

Vanquished Creatures (others)
  31 foxfires
31 creatures vanquished.

Grand Total: 52 creatures vanquished

Notes
Turn   | Place    | Note
-------+----------+-------------------------------------------
     0 | D:1      | themarg the Gnoll Wanderer began the quest for the Orb.
     0 | D:1      | themarg set off with the following items: a +0 dagger, 8
                  | poisoned darts, a potion of curing, a scroll of fear, a +0
                  | leather armour; and the following spell memorised: Foxfire;
                  | and the following spells available to memorise: Dazzling
                  | Flash, Fulminant Prism.
     0 | D:1      | Reached XP level 1. HP: 23/23 MP: 4/4
   206 | D:1      | Reached XP level 2. HP: 26/29 MP: 1/5
  1815 | D:3      | Reached XP level 3. HP: 11/35 MP: 5/7
  1855 | D:3      | HP: 1/35 [orc/+0 short sword (3)]
  1857 | D:3      | Slain by an orc

Illustrated notes

Levels and vault maps discovered:
D:1:      minmay_arrival_split_and_join, layout_basic
D:2:      layout_loops_ring
D:3:      layout_loops_ring, grunt_temple_overflow_open,
          chequers_serial_rivers_room_b

Action                   || total
-------------------------++-------
Melee: Dagger            ||    80
       Bite              ||    10
 Cast: Foxfire           ||    32
  Use: Potion            ||     1
Armor: Leather armour    ||    14
Dodge: Dodged            ||    68

Table legend: (Time is in decaauts)
 A = Elapsed time spent in this place.
 B = Non-inter-level travel time spent in this place.
 C = Inter-level travel time spent in this place.
 D = Time resting spent in this place.
 E = Time spent auto-exploring this place.
 F = Levels seen in this place.
 G = Mean time per level.
                   A        B        C        D        E       F      G
               +--------+--------+--------+--------+--------+-----+--------+
         Total |   1854 |   1764 |     90 |      0 |   1541 |   3 |  618.0 |
       Dungeon |   1854 |   1764 |     90 |      0 |   1541 |   3 |  618.0 |
               +--------+--------+--------+--------+--------+-----+--------+

Top non-repeatable levels by time:
     D:1: 1033 daAuts
     D:2: 728 daAuts
     D:3: 92 daAuts
